| TOP OF THE 1ST |
|
Great Falls Voyagers batting - Pitching for Texas (APP) Rangers : RHP Reinaart Meyer
|
|
Pitching: RHP Reinaart Meyer
|
|
|
Batting: RHB Andy Cotton
|
0-0: Foul Ball, location: 2F 0-1: Ball 1-1: Ball 2-1: Ball 3-1: Base on Balls
|
|
Batting: RHB Enrique Gomez
|
0-0: Ball 1-0: Foul Ball, location: 2F 1-1: Foul Ball, location: 2F 1-2: Strikes out swinging
|
|
Batting: RHB Russ Cornett
|
0-0: Called Strike 0-1: Foul Ball, location: 2F 0-2: Ball 1-2: Ball 2-2: Foul Ball, location: 2F 2-2: Ball 3-2: Base on Balls Andy Cotton to second
|
|
Batting: RHB Billy Grubbs
|
0-0: Called Strike 0-1: Ball 1-1: Called Strike 1-2: Foul Ball, location: 2F 1-2: Fielders Choice at 2nd, 6-4 (Groundball, 6, EV 87.5 MPH) Andy Cotton to third
|
|
Batting: RHB Mitch Cuadros
|
0-0: Called Strike 0-1: Ball 1-1: Ball 2-1: Ball 3-1: Called Strike 3-2: Foul Ball, location: 2F 3-2: Strikes out looking
|
| Top of the 1st over - 0 runs, 0 hits, 0 errors, 2 left on base; Great Falls 0 - Texas (APP) 0 |
| BOTTOM OF THE 1ST |
|
Texas (APP) Rangers batting - Pitching for Great Falls Voyagers : RHP Juan Reyes
|
|
Pitching: RHP Juan Reyes
|
|
|
Batting: SHB Tim Rogers
|
0-0: Called Strike 0-1: Ball 1-1: Ground out U3 (Groundball, 13, EV 83.8 MPH)
|
|
Batting: RHB Ryan Salas
|
0-0: Ball 1-0: Ground out U3 (Groundball, 3, EV 78.8 MPH)
|
|
Batting: RHB Jerry Foster
|
0-0: Called Strike 0-1: Foul Ball, location: 2F 0-2: Foul Ball, location: 2F 0-2: Foul Ball, location: 2F 0-2: Ground out 4-3 (Groundball, 4, EV 102.5 MPH)
|
| Bottom of the 1st over - 0 runs, 0 hits, 0 errors, 0 left on base; Great Falls 0 - Texas (APP) 0 |
| TOP OF THE 2ND |
|
Great Falls Voyagers batting - Pitching for Texas (APP) Rangers : RHP Reinaart Meyer
|
|
Batting: RHB Jake Feinstein
|
0-0: Ball 1-0: Swinging Strike 1-1: Ball 2-1: Foul Ball, location: 2F 2-2: Strikes out swinging
|
|
Batting: RHB Brad Adams Jr.
|
0-0: Ground out 6-3 (Groundball, 6MD, EV 85.6 MPH)
|
|
Batting: RHB David Cortez
|
0-0: Called Strike 0-1: Swinging Strike 0-2: Ball 1-2: Foul Ball, location: 2F 1-2: Strikes out swinging
|
| Top of the 2nd over - 0 runs, 0 hits, 0 errors, 0 left on base; Great Falls 0 - Texas (APP) 0 |
| BOTTOM OF THE 2ND |
|
Texas (APP) Rangers batting - Pitching for Great Falls Voyagers : RHP Juan Reyes
|
|
Batting: RHB Ron Squires
|
0-0: Called Strike 0-1: Ball 1-1: Ball 2-1: Called Strike 2-2: Ball 3-2: Foul Ball, location: 2F 3-2: Base on Balls
|
|
Batting: LHB Alex Rivera
|
0-0: Ball 1-0: Ball Ron Squires is caught stealing 2nd base 2-6 2-0: Ground out 4-3 (Groundball, 4M, EV 92.5 MPH)
|
|
Batting: RHB Robert Topete
|
0-0: Ball 1-0: Swinging Strike 1-1: Called Strike 1-2: Strikes out swinging
|
| Bottom of the 2nd over - 0 runs, 0 hits, 0 errors, 0 left on base; Great Falls 0 - Texas (APP) 0 |
| TOP OF THE 3RD |
|
Great Falls Voyagers batting - Pitching for Texas (APP) Rangers : RHP Reinaart Meyer
|
|
Batting: RHB Dave Dominguez
|
0-0: Foul Ball, location: 2F 0-1: Ball 1-1: Ball 2-1: Ball 3-1: Foul Ball, location: 2F 3-2: Fly out, F6 (Line Drive, 6D, EV 64.4 MPH)
|
|
Batting: RHB Andy Cotton
|
0-0: Ball 1-0: Foul Ball, location: 2F 1-1: Ball 2-1: Ball 3-1: Called Strike 3-2: Base on Balls
|
|
Batting: RHB Enrique Gomez
|
0-0: Ball 1-0: Ball Andy Cotton is caught stealing 2nd base 2-4 2-0: Called Strike 2-1: Foul Ball, location: 2F 2-2: Strikes out swinging
|
| Top of the 3rd over - 0 runs, 0 hits, 0 errors, 0 left on base; Great Falls 0 - Texas (APP) 0 |
| BOTTOM OF THE 3RD |
|
Texas (APP) Rangers batting - Pitching for Great Falls Voyagers : RHP Juan Reyes
|
|
Batting: RHB Josh Shoemaker
|
0-0: Ground out 5-3 (Groundball, 56S, EV 63.1 MPH)
|
|
Batting: LHB Bobby Scott
|
0-0: Ball 1-0: Ball 2-0: Called Strike 2-1: SINGLE (Groundball, 6M, EV 105.6 MPH) (infield hit)
|
|
Batting: RHB Pat Martin
|
0-0: Foul Ball, location: 2F 0-1: Ball 1-1: Grounds into double play, 1-4-3 (Groundball, 15S, EV 70.6 MPH)
|
| Bottom of the 3rd over - 0 runs, 1 hit, 0 errors, 0 left on base; Great Falls 0 - Texas (APP) 0 |
| TOP OF THE 4TH |
|
Great Falls Voyagers batting - Pitching for Texas (APP) Rangers : RHP Reinaart Meyer
|
|
Batting: RHB Russ Cornett
|
0-0: Ball 1-0: Ball 2-0: Ball 3-0: Base on Balls
|
|
Batting: RHB Billy Grubbs
|
0-0: Foul Ball, location: 2F 0-1: Ball 1-1: Foul Ball, location: 2F 1-2: SINGLE (Flyball, 9LS, EV 90.0 MPH) Russ Cornett to second Runner from 2nd tries for 3rd, SAFE, throw by RF made to third
|
|
Batting: RHB Mitch Cuadros
|
0-0: Foul Ball, location: 2F 0-1: Ball Pickoff Throw by Catcher to First - Out! 1-1: Called Strike 1-2: Ball 2-2: SINGLE (Flyball, 9S, EV 85.0 MPH) Russ Cornett scores
|
|
Batting: RHB Jake Feinstein
|
0-0: Ball 1-0: Reached on error, E6 (Groundball, 6, EV 106.2 MPH) Mitch Cuadros to second
|
|
Batting: RHB Brad Adams Jr.
|
0-0: Called Strike 0-1: Ball 1-1: Ball 2-1: Called Strike 2-2: Strikes out swinging
|
|
Batting: RHB David Cortez
|
0-0: Ball 1-0: Ball 2-0: DOUBLE (Line Drive, 9LD, EV 108.1 MPH) Mitch Cuadros scores Jake Feinstein to third
|
|
Batting: RHB Dave Dominguez
|
0-0: Foul Ball, location: 2F 0-1: Ball 1-1: Foul Ball, location: 2F 1-2: Strikes out looking
|
| Top of the 4th over - 2 runs, 3 hits, 1 error, 2 left on base; Great Falls 2 - Texas (APP) 0 |
| BOTTOM OF THE 4TH |
|
Texas (APP) Rangers batting - Pitching for Great Falls Voyagers : RHP Juan Reyes
|
|
Batting: SHB Tim Rogers
|
0-0: Foul Ball, location: 2F 0-1: Fly out, F3 (Popup, 3SF, EV 88.1 MPH)
|
|
Batting: RHB Ryan Salas
|
0-0: Foul Ball, location: 2F 0-1: Swinging Strike 0-2: Ball 1-2: Strikes out looking
|
|
Batting: RHB Jerry Foster
|
0-0: Ball 1-0: Ball 2-0: Ball 3-0: Base on Balls
|
|
Batting: RHB Ron Squires
|
0-0: Called Strike 0-1: SINGLE (Groundball, 4S, EV 70.6 MPH) (infield hit) Jerry Foster to second
|
|
Batting: LHB Alex Rivera
|
0-0: Ball 1-0: Ball 2-0: Ball 3-0: Base on Balls Jerry Foster to third Ron Squires to second
|
|
Batting: RHB Robert Topete
|
0-0: Foul Ball, location: 2F 0-1: Ball 1-1: SINGLE (Line Drive, 9S, EV 98.8 MPH) Jerry Foster scores Ron Squires to third Alex Rivera to second Runner from 3rd tries for Home, throw by RF and OUT! 9-2
|
| Bottom of the 4th over - 1 run, 2 hits, 0 errors, 2 left on base; Great Falls 2 - Texas (APP) 1 |
| TOP OF THE 5TH |
|
Great Falls Voyagers batting - Pitching for Texas (APP) Rangers : RHP Reinaart Meyer
|
|
Pitching: RHP Jorge Burruel
|
|
|
Batting: RHB Andy Cotton
|
0-0: Ball 1-0: Foul Ball, location: 2F 1-1: Ball 2-1: Ball 3-1: Foul Ball, location: 2F 3-2: Fly out, F9 (Flyball, 9, EV 91.9 MPH)
|
|
Batting: RHB Enrique Gomez
|
0-0: Hit by Pitch
|
|
Batting: RHB Russ Cornett
|
0-0: Ball Enrique Gomez is caught stealing 2nd base 2-4 1-0: Foul Ball, location: 2F 1-1: SOLO HOME RUN (Flyball, 78XD, EV 98.8 MPH), Distance : 400 ft
|
|
Batting: RHB Billy Grubbs
|
0-0: Ball 1-0: Ball 2-0: Foul Ball, location: 2F 2-1: Ball 3-1: Foul Ball, location: 2F 3-2: Base on Balls
|
|
Batting: RHB Mitch Cuadros
|
0-0: Ball 1-0: Called Strike 1-1: Called Strike 1-2: Foul Ball, location: 2F 1-2: Ball 2-2: Foul Ball, location: 2F 2-2: Ball 3-2: Base on Balls Billy Grubbs to second
|
|
Batting: RHB Jake Feinstein
|
0-0: Ball 1-0: Called Strike 1-1: Hit by Pitch Billy Grubbs to third Mitch Cuadros to second
|
|
Batting: RHB Brad Adams Jr.
|
0-0: Ball 1-0: Called Strike 1-1: Ball 2-1: Ball 3-1: Called Strike 3-2: GRAND SLAM HOME RUN (Flyball, 7LD, EV 93.8 MPH), Distance : 338 ft
|
|
Pitching: RHP Jose Vela
|
|
|
Batting: RHB David Cortez
|
0-0: Ball 1-0: Ball 2-0: Ball 3-0: Called Strike 3-1: Swinging Strike 3-2: Strikes out looking
|
| Top of the 5th over - 5 runs, 2 hits, 0 errors, 0 left on base; Great Falls 7 - Texas (APP) 1 |
| BOTTOM OF THE 5TH |
|
Texas (APP) Rangers batting - Pitching for Great Falls Voyagers : RHP Juan Reyes
|
|
Batting: RHB Josh Shoemaker
|
0-0: Ball 1-0: Ball 2-0: Called Strike 2-1: Swinging Strike 2-2: SINGLE (Groundball, 34D, EV 100.0 MPH)
|
|
Batting: LHB Bobby Scott
|
0-0: Swinging Strike 0-1: Fly out, F7 (Line Drive, 7D, EV 92.5 MPH)
|
|
Batting: RHB Pat Martin
|
0-0: Swinging Strike 0-1: Ball 1-1: Called Strike 1-2: Strikes out swinging
|
|
Batting: SHB Tim Rogers
|
0-0: Called Strike 0-1: Ball 1-1: Ball Passed Ball! Josh Shoemaker to second 2-1: Called Strike 2-2: Ground out U3 (Groundball, 3, EV 91.9 MPH)
|
| Bottom of the 5th over - 0 runs, 1 hit, 0 errors, 1 left on base; Great Falls 7 - Texas (APP) 1 |
| TOP OF THE 6TH |
|
Great Falls Voyagers batting - Pitching for Texas (APP) Rangers : RHP Jose Vela
|
|
Batting: RHB Dave Dominguez
|
0-0: SINGLE (Groundball, 34S, EV 70.6 MPH) (infield hit)
|
|
Batting: RHB Andy Cotton
|
0-0: Ball 1-0: Ball 2-0: Ball 3-0: Base on Balls Dave Dominguez to second
|
|
Batting: RHB Enrique Gomez
|
0-0: Grounds into double play, 6-4-3 (Groundball, 6M, EV 86.2 MPH) Dave Dominguez to third
|
|
Batting: RHB Russ Cornett
|
0-0: Called Strike 0-1: Foul Ball, location: 2F 0-2: Ball 1-2: Fly out, F9 (Flyball, 9, EV 81.2 MPH)
|
| Top of the 6th over - 0 runs, 1 hit, 0 errors, 1 left on base; Great Falls 7 - Texas (APP) 1 |
| BOTTOM OF THE 6TH |
|
Texas (APP) Rangers batting - Pitching for Great Falls Voyagers : RHP Juan Reyes
|
|
Batting: RHB Ryan Salas
|
0-0: Ground out 6-3 (Groundball, 6, EV 89.4 MPH)
|
|
Batting: RHB Jerry Foster
|
0-0: Foul Ball, location: 2F 0-1: Foul Ball, location: 2F 0-2: Ball 1-2: Ball 2-2: Foul Ball, location: 2F 2-2: Ball 3-2: Foul Ball, location: 2F 3-2: Fly out, F9 (Flyball, 9, EV 88.8 MPH)
|
|
Batting: RHB Ron Squires
|
0-0: Swinging Strike 0-1: Foul Ball, location: 2F 0-2: Foul Ball, location: 2F 0-2: Ball 1-2: SINGLE (Line Drive, 34D, EV 95.0 MPH)
|
|
Batting: LHB Alex Rivera
|
0-0: Called Strike Ron Squires steals 2nd base 0-1: Ball 1-1: Ball 2-1: Ball 3-1: Base on Balls
|
|
Batting: RHB Robert Topete
|
0-0: Foul Ball, location: 2F 0-1: Foul Ball, location: 2F 0-2: Ball 1-2: Foul Ball, location: 2F 1-2: Foul Ball, location: 2F 1-2: Ball 2-2: Strikes out swinging
|
| Bottom of the 6th over - 0 runs, 1 hit, 0 errors, 2 left on base; Great Falls 7 - Texas (APP) 1 |
| TOP OF THE 7TH |
|
Great Falls Voyagers batting - Pitching for Texas (APP) Rangers : RHP Jose Vela
|
|
Batting: RHB Billy Grubbs
|
0-0: Foul Ball, location: 2F 0-1: Swinging Strike 0-2: Ball 1-2: Ball 2-2: Strikes out looking
|
|
Batting: RHB Mitch Cuadros
|
0-0: Ball 1-0: SINGLE (Groundball, 56D, EV 98.8 MPH)
|
|
Batting: RHB Jake Feinstein
|
0-0: Ball 1-0: Called Strike 1-1: Ball Wild Pitch! Mitch Cuadros to second 2-1: Ball 3-1: Called Strike 3-2: Fly out, F9 (Line Drive, 9, EV 97.5 MPH)
|
|
Batting: RHB Brad Adams Jr.
|
0-0: Ball Passed Ball! Mitch Cuadros to third 1-0: Called Strike 1-1: Ball 2-1: Ball 3-1: Foul Ball, location: 2F 3-2: Base on Balls
|
|
Batting: RHB David Cortez
|
0-0: Called Strike 0-1: Called Strike 0-2: Ball 1-2: Foul Ball, location: 2F 1-2: Foul Ball, location: 2F 1-2: Strikes out looking
|
| Top of the 7th over - 0 runs, 1 hit, 0 errors, 2 left on base; Great Falls 7 - Texas (APP) 1 |
| BOTTOM OF THE 7TH |
|
Texas (APP) Rangers batting - Pitching for Great Falls Voyagers : RHP Juan Reyes
|
|
Batting: RHB Josh Shoemaker
|
0-0: Ball 1-0: Called Strike 1-1: Reached on error, E5 (Groundball, 5S, EV 79.4 MPH)
|
|
Pitching: RHP Max Carter
|
|
|
Batting: LHB Bobby Scott
|
0-0: Fly out, F8 (Flyball, 78M, EV 85.6 MPH)
|
|
Batting: RHB Pat Martin
|
0-0: Ball 1-0: Ball 2-0: Ball 3-0: Called Strike 3-1: Called Strike 3-2: Base on Balls Josh Shoemaker to second
|
|
Batting: SHB Tim Rogers
|
0-0: Ball 1-0: Called Strike 1-1: Swinging Strike 1-2: Ball 2-2: Ball 3-2: Base on Balls Josh Shoemaker to third Pat Martin to second
|
|
Batting: RHB Ryan Salas
|
0-0: Called Strike 0-1: Ball 1-1: Ground out U3 (Groundball, 3S, EV 76.9 MPH) Josh Shoemaker scores Pat Martin to third Tim Rogers to second
|
|
Batting: RHB Jerry Foster
|
0-0: Ball 1-0: Ball 2-0: Ground out 6-3 (Groundball, 56, EV 93.8 MPH)
|
| Bottom of the 7th over - 1 run, 0 hits, 1 error, 2 left on base; Great Falls 7 - Texas (APP) 2 |
| TOP OF THE 8TH |
|
Great Falls Voyagers batting - Pitching for Texas (APP) Rangers : RHP Jose Vela
|
|
Batting: RHB Dave Dominguez
|
0-0: Swinging Strike 0-1: Called Strike 0-2: SINGLE (Line Drive, 4D, EV 99.4 MPH)
|
|
Pitching: RHP Brad Sanchez
|
|
|
Batting: RHB Andy Cotton
|
0-0: Called Strike 0-1: Foul Ball, location: 2F 0-2: Ball 1-2: Foul Ball, location: 2F 1-2: Ball Wild Pitch! Dave Dominguez to second 2-2: Foul Ball, location: 2F 2-2: Hit by Pitch
|
|
Batting: RHB Enrique Gomez
|
0-0: DOUBLE (Line Drive, 78D, EV 110.0 MPH) Dave Dominguez scores Andy Cotton to third
|
|
Batting: RHB Russ Cornett
|
0-0: Ball 1-0: Swinging Strike 1-1: Ground out 6-3 (Groundball, 56, EV 104.4 MPH) Andy Cotton scores
|
|
Batting: RHB Billy Grubbs
|
0-0: Ball 1-0: Ball 2-0: Ball 3-0: Base on Balls
|
|
Batting: RHB Mitch Cuadros
|
0-0: Ball 1-0: Foul Ball, location: 2F 1-1: Ball 2-1: Ball 3-1: Base on Balls Enrique Gomez to third Billy Grubbs to second
|
|
Batting: RHB Jake Feinstein
|
0-0: Swinging Strike 0-1: Ball 1-1: Ball 2-1: Called Strike 2-2: Strikes out swinging
|
|
Pinch Hitting: RHB Bill Stern
|
0-0: Called Strike 0-1: Ball 1-1: Called Strike 1-2: Foul Ball, location: 2F 1-2: Ball 2-2: Strikes out looking
|
| Top of the 8th over - 2 runs, 2 hits, 0 errors, 3 left on base; Great Falls 9 - Texas (APP) 2 |
| BOTTOM OF THE 8TH |
|
Texas (APP) Rangers batting - Pitching for Great Falls Voyagers : RHP Max Carter
|
|
Now at 1B: Bill Stern
|
|
|
Batting: RHB Ron Squires
|
0-0: Ball 1-0: Foul Ball, location: 2F 1-1: Called Strike 1-2: Ball 2-2: Foul Ball, location: 2F 2-2: Fly out, F9 (Flyball, 9S, EV 88.8 MPH)
|
|
Batting: LHB Alex Rivera
|
0-0: Ball 1-0: Ball 2-0: Called Strike 2-1: Called Strike 2-2: Ball 3-2: Base on Balls
|
|
Pitching: RHP Frank Lankford
|
|
|
Batting: RHB Robert Topete
|
0-0: Ball Wild Pitch! Alex Rivera to second 1-0: Ball 2-0: Ground out 6-3 (Groundball, 6, EV 101.2 MPH)
|
|
Batting: RHB Josh Shoemaker
|
0-0: Called Strike 0-1: Foul Ball, location: 2F 0-2: Ball 1-2: Strikes out looking
|
| Bottom of the 8th over - 0 runs, 0 hits, 0 errors, 1 left on base; Great Falls 9 - Texas (APP) 2 |
| TOP OF THE 9TH |
|
Great Falls Voyagers batting - Pitching for Texas (APP) Rangers : RHP Brad Sanchez
|
|
Pinch Hitting: RHB Francisco Marin
|
0-0: Called Strike 0-1: Foul Ball, location: 2F 0-2: Ball 1-2: Strikes out swinging
|
|
Batting: RHB Dave Dominguez
|
0-0: Called Strike 0-1: Called Strike 0-2: Foul Ball, location: 2F 0-2: Foul Ball, location: 2F 0-2: Foul Ball, location: 2F 0-2: Ball 1-2: DOUBLE (Flyball, 8LD, EV 103.8 MPH)
|
|
Pitching: RHP Marty Nelson
|
|
|
Batting: RHB Andy Cotton
|
0-0: Ball 1-0: Ball 2-0: Ball 3-0: Base on Balls
|
|
Batting: RHB Enrique Gomez
|
0-0: Foul Ball, location: 2F 0-1: Foul Ball, location: 2F 0-2: Ball 1-2: Foul Ball, location: 2F 1-2: Strikes out swinging
|
|
Batting: RHB Russ Cornett
|
0-0: Called Strike 0-1: Swinging Strike 0-2: Strikes out looking
|
| Top of the 9th over - 0 runs, 1 hit, 0 errors, 2 left on base; Great Falls 9 - Texas (APP) 2 |
| BOTTOM OF THE 9TH |
|
Texas (APP) Rangers batting - Pitching for Great Falls Voyagers : RHP Frank Lankford
|
|
Now at C: Joselito Santos
|
|
|
Batting: LHB Bobby Scott
|
0-0: Called Strike 0-1: Ball 1-1: Ball 2-1: Ball 3-1: Base on Balls
|
|
Pinch Hitting: SHB Albert Ortiz
|
0-0: Called Strike 0-1: Swinging Strike 0-2: Ball 1-2: Ball 2-2: Strikes out swinging
|
|
Batting: SHB Tim Rogers
|
0-0: Ball 1-0: Swinging Strike 1-1: Ball 2-1: SINGLE (Line Drive, 78S, EV 103.1 MPH) Bobby Scott to second
|
|
Batting: RHB Ryan Salas
|
0-0: Called Strike 0-1: Foul Ball, location: 2F 0-2: Fielders Choice at 2nd, 6-4 (Groundball, 6S, EV 78.8 MPH) Bobby Scott to third
|
|
Pitching: RHP Bin Li
|
|
|
Batting: RHB Jerry Foster
|
0-0: Called Strike 0-1: Foul Ball, location: 2F 0-2: Foul Ball, location: 2F 0-2: Ball 1-2: SINGLE (Groundball, 34D, EV 96.9 MPH) Bobby Scott scores Ryan Salas to second
|
|
Batting: RHB Ron Squires
|
0-0: Fly out, F5 (Popup, 5F, EV 78.1 MPH)
|
| Bottom of the 9th over - 1 run, 2 hits, 0 errors, 2 left on base; Great Falls 9 - Texas (APP) 3 |
|